 Dungeon Crawl Stone Soup version 0.28.0-53-g5a82cb258f (webtiles) character file.

Game seed: 8190693950155081095

114384 MiltankisOP the Bludgeoner (level 16, -6/149 HPs)
             Began as a Troll Monk on July 12, 2022.
             Was an Elder of Okawaru.
             Mangled by the Royal Jelly (23 damage)
             ... on level 5 of the Pits of Slime.
             The game lasted 01:10:23 (21148 turns).

MiltankisOP the Bludgeoner (Troll Monk)            Turns: 21148, Time: 01:10:23

Health: -6/149     AC:  6    Str: 21    XL:     16   Next: 16%
Magic:  0/22       EV: 18    Int:  6    God:    Okawaru [****..]
Gold:   932        SH:  0    Dex: 22    Spells: 15/15 levels left

rFire   . . .      SeeInvis .   A - +3 giant club (spect)
rCold   . . .      Faith    .   (shield currently unavailable)
rNeg    . . .      Spirit   +   H - +1 acid dragon scales
rPois   .          Reflect  .   P - +0 hat
rElec   .          Harm     .   q - +1 cloak
rCorr   +          Rampage  .   (gloves unavailable)
Will    +....                   (boots unavailable)
Stlth   +.........              m - amulet of guardian spirit
HPRegen 1.14/turn               R - +4 ring of evasion
MPRegen 0.18/turn               X - +6 ring of dexterity

@: confused, ambrosia-drunk, corroded, hasted, very quick
A: large, unfitting armour, claws 3, regeneration 1, shaggy fur 1, tough skin 1,
clumsy 1, deformed body, screaming 1, weak 1, subdued magic 1
a: Renounce Religion, Heroism, Finesse


You were on level 5 of the Pits of Slime.
You worshipped Okawaru.
Okawaru was greatly pleased with you.
You visited 4 branches of the dungeon, and saw 24 of its levels.
You also visited: Ossuary.

You collected 1603 gold pieces.
You spent 671 gold pieces at shops.

Inventory:

Hand Weapons
 j - a +1 spectral giant spiked club
 A - a +3 spectral giant club (weapon)
Missiles
 i - 5 javelins
 o - 6 curare-tipped darts
 y - a throwing net
 I - 11 large rocks (quivered)
Armour
 a - a +0 robe
 p - the +1 ice dragon scales "Joxkioz" {rElec rF- rC++ Stlth+}
   (You acquired it on level 2 of the Lair of Beasts)

   rF:        It makes you vulnerable to fire.
   rC:        It greatly protects you from cold.
   rElec:     It insulates you from electricity.
   Stlth:     It makes you more stealthy.
 q - a +1 cloak (worn)
 v - +1 swamp dragon scales
 G - the +4 robe of Sunlight {+Blink rPois Str+3 Dex+3}
   (Okawaru gifted it to you on level 11 of the Dungeon)

   Str:       It affects your strength (+3).
   Dex:       It affects your dexterity (+3).
   rPois:     It protects you from poison.
   +Blink:    It lets you blink.
 H - +1 acid dragon scales (worn)
 O - the +1 fire dragon scales of Suymump {rPois rF++ rC- Will- Regen+ Slay+4}
   (Okawaru gifted it to you on level 1 of the Lair of Beasts)

   Slay:      It affects your accuracy & damage with ranged weapons and melee
   (+4).
   rF:        It greatly protects you from fire.
   rC:        It makes you vulnerable to cold.
   rPois:     It protects you from poison.
   Regen:     It increases your rate of health regeneration.
   Will:      It decreases your willpower.
 P - a +0 hat (worn)
Jewellery
 m - an amulet of guardian spirit (around neck)
 M - an amulet of faith
 N - an amulet of magic regeneration
 R - a +4 ring of evasion (left claw)
 S - a ring of flight
 U - a ring of protection from fire
 X - a +6 ring of dexterity (right claw)
Wands
 l - a wand of polymorph (11)
 n - a wand of mindburst (7)
 r - a wand of iceblast (9)
 t - a wand of acid (27)
 B - a wand of paralysis (15)
 D - a wand of flame (9)
Scrolls
 c - 5 scrolls of magic mapping
 e - a scroll of vulnerability
 h - 2 scrolls of silence
 u - 2 scrolls of noise
 w - a scroll of fear
 C - 3 scrolls of amnesia
 V - a scroll of fog
 Y - a scroll of summoning {unknown}
 Z - a scroll of holy word
Potions
 b - a potion of magic
 d - a potion of curing
 f - a potion of invisibility
 g - a potion of cancellation
 k - 2 potions of flight
 s - a potion of attraction
 x - 7 potions of mutation
 z - a potion of berserk rage
 F - a potion of degeneration
 J - a potion of might
 K - a potion of brilliance
 L - a potion of lignification
 Q - 7 potions of ambrosia
 T - a potion of resistance {unknown}


   Skills:
 - Level 7.0 Fighting
 - Level 18.0 Maces & Flails
 + Level 5.8 Throwing
 - Level 8.9 Armour
 - Level 7.0 Dodging
 - Level 1.1 Stealth
 - Level 11.3 Unarmed Combat
 - Level 10.0 Invocations


You had 15 spell levels left.
You didn't know any spells.
Your spell library contained the following spells:

 Spells                   Type           Power      Damage    Failure   Level
 Foxfire                  Conj/Fire      0%         2x1d4     47%         1
 Freeze                   Ice            0%         1d3       47%         1
 Magic Dart               Conj           0%         1d3       47%         1
 Ensorcelled Hibernation  Hex/Ice        0%         N/A       63%         2
 Scorch                   Fire           0%         2d5       63%         2
 Searing Ray              Conj           0%         2d4       63%         2
 Conjure Flame            Conj/Fire      0%         6-21      86%         3
 Frozen Ramparts          Ice            0%         1d2       86%         3
 Gell's Gravitas          Tloc           0%         N/A       86%         3
 Inner Flame              Hex/Fire       0%         N/A       86%         3
 Spider Form              Tmut/Pois      0%         N/A       86%         3
 Teleport Other           Tloc           0%         N/A       86%         3
 Anguish                  Hex/Necr       0%         N/A       99%         4
 Flame Wave               Conj/Fire      0%         2d4       99%         4
 Fulminant Prism          Conj/Hex       0%         3d6       99%         4
 Hailstorm                Conj/Ice       0%         3d3       99%         4
 Dispersal                Tloc           0%         N/A       100%        6
 Ozocubu's Refrigeration  Ice            0%         4d5       100%        7
 Summon Mana Viper        Hex/Summ       Unusable   N/A       N/A         5
 Summon Cactus Giant      Summ           Unusable   N/A       N/A         6

Dungeon Overview and Level Annotations

Branches:
Dungeon (12/15)            Temple (1/1) D:7            Lair (6/6) D:8
  Swamp (0/4) Lair:2       Spider (0/4) Lair:2        Slime (5/5) Lair:5
    Orc (0/2) D:12        Ossuary (visited)

Altars:
Ashenzari
Cheibriados
Dithmenos
Elyvilon
Fedhas
Gozag
Hepliaklqana
Kikubaaqudgha
Makhleb
Nemelex Xobeh
Okawaru
Qazlal
Ru
Sif Muna
Trog
Uskayaw
Vehumet
Wu Jian
Xom
Yredelemnul
Zin
The Shining One
Jiyva

Shops:
D:5 *(   D:7 (   D:12 *(!

Portals:
Trove: D:12 (give +6 demon blade)

Annotations:
D:10 2 transporters, WANAX's ghost, journeyman HOBe
Slime:5 Royal Jelly


Innate Abilities, Weirdness & Mutations

You are too large for most types of armour.
You have claws for hands.
Your natural rate of healing is unusually fast.
You are covered in fur. (AC +1)
You have tough skin. (AC +1)
You are clumsy. (Dex -2)
Armour fits poorly on your strangely shaped body.
You occasionally shout uncontrollably at your foes.
You are weak. (Str -2)
Your spells are a little easier to cast, but a little less powerful.


Message History

The spectator shouts!
You bludgeon the shining eye!!
You kill the shining eye!
Okawaru accepts your kill. Okawaru crowns you victorious!
An exit appears.
You flicker for a moment.
The spectator shouts!
Okay, then.
You are confused.
You feel invigorated.
The spectator shouts!
The spectator shouts!
The spectator shouts! x2
The spectator shouts! x2
The spectator shouts!
The spectator shouts! x2
The spectator shouts!
Okay, then.
You flicker back into view.
The spectator shouts!
You feel less invigorated.
You feel less confused.
You are confused.
You feel invigorated.
Okawaru bids you farewell from the Arena.
You are returned from the Arena.
Welcome back to the Pits of Slime!
Level annotation: Royal Jelly The slime creature quivers.
The Royal Jelly hits you!
You are splashed with acid.
You resist. The Royal Jelly hits you!!
You are splashed with acid.
You resist. The Royal Jelly hits you!! The acid corrodes you!
You are splashed with acid.
You resist. The Royal Jelly hits you!
You are splashed with acid.
You resist.
You bump into the rune-carved clear stone wall.
Two slime creatures merge to form a large slime creature.
The Royal Jelly hits you!!!
* * * LOW HITPOINT WARNING * * *
You are splashed with acid.
You resist.
* * * LOW HITPOINT WARNING * * *
The Royal Jelly hits you!!
You die...

,,,,,,,,**,,,**,,**,,,**,,,,,,,,,
,,,,,,,**$=φ):#.##)[|)(#*,,,,,,,,
,,,,,,,**?[|$##..##?:?)##........
,,,,,,,**#($#)##.#:#(!#*#........
,,,,,,,*#######..########........
,,,,,,,*...#.G..J...#...#........
,,,,,,,,,#.J.#.._.#...#..........
,,,,,,,**######..######*#........
,,,,,,,*##[)#)##@#:#(/###........
,,,,,,,*#($"[##J.##/))(##........
,,,,,,,*#))!:!#J##$[?}?##........
,,,,,,,,##)[$##..##$|?##.........
,,,,,,,,,##!,,##.#,$=##..........
,,,,,,,,,,#*,*#..#*,##...........
,,,,,,,,...####.#####J...........
,,,,,,,,.........................
,,,,,,,,...........J.............


You could see the Royal Jelly, 2 acid blobs, a large slime creature and an eye
of devastation.

Vanquished Creatures
  Dissolution (Arena)
  12 acid blobs
  Gastronok (Lair:2)
  2 rockslimes
  3 azure jellies
  6 quicksilver oozes
  2 fire dragons
  3 great orbs of eyes
  9 hydras
  A boulder beetle (D:11)
  A centaur warrior (D:10)
  5 two-headed ogres
  8 death yaks
  Sonja (Lair:3)
  A swamp dragon (Lair:6)
  3 bog bodies (Lair:2)
  A lindwurm (Lair:6)
  A manticore (D:12)
  5 shining eyes
  2 oklob plants (Lair:5)
  4 elephants (Lair:6)
  2 cyclopes
  3 black mambas
  4 eyes of devastation
  18 cane toads
  Maggie (D:10)
  A torpor snail (Lair:4)
  15 rime drakes
  2 gargoyles
  3 unseen horrors (D:12)
  2 kobold demonologists (D:7)
  17 komodo dragons
  2 guardian mummies (D:12)
  A queen bee (Lair:1)
  2 polar bears
  A troll (D:12)
  Prince Ribbit (D:5)
  15 blink frogs
  33 slime creatures
  17 dream sheep
  2 wraiths
  57 yaks
  8 wyverns
  6 golden eyes
  2 redbacks (Lair:2)
  11 steam dragons
  5 basilisks
  5 swamp worms (Lair:2)
  5 acid dragons
  18 water moccasins
  Duvessa (D:5)
  A swamp drake (Lair:6)
  7 orc warriors
  4 sky beasts
  5 black bears
  3 ogres
  A necrophage (D:8)
  55 wolves
  2 centaurs (D:8)
  A kobold brigand (D:9)
  A phantom (D:7)
  21 bullfrogs
  3 scorpions
  Dowan (D:5)
  39 killer bees
  22 wights
  An electric eel (Lair:2)
  2 centaur zombies
  A gnoll shaman (D:6)
  9 orc priests
  A bullfrog skeleton (D:7)
  Jessica (D:2)
  4 iguanas
  12 orc wizards
  12 hell rats
  A killer bee zombie (D:8)
  A hound skeleton (D:4)
  2 howler monkey zombies (D:9)
  7 gnolls
  7 adders
  18 river rats (Lair:2)
  A shadow imp (D:5)
  A white imp (D:5)
  A worm (D:2)
  4 dart slugs
  47 orcs
  3 endoplasms (D:3)
  3 giant cockroaches
  5 goblins
  6 hobgoblins
  11 quokkas
  6 ball pythons
  4 bats
  4 frilled lizards
  2 hobgoblin zombies (Ossuary)
  9 kobolds
  A kobold zombie (Ossuary)
  2 orc zombies (Ossuary)
  15 rats
702 creatures vanquished.

Vanquished Creatures (others)
  63 fungi
  109 plants
  5 toadstools (D:10)
177 creatures vanquished.

Grand Total: 879 creatures vanquished

Notes
Turn   | Place    | Note
-------+----------+-------------------------------------------
     0 | D:1      | MiltankisOP the Troll Monk began the quest for the Orb.
     0 | D:1      | Reached XP level 1. HP: 22/22 MP: 0/0
   253 | D:1      | Reached XP level 2. HP: 29/29 MP: 1/1
   290 | D:1      | Got Pauwis's Grimoire of the World
   819 | D:2      | Reached XP level 3. HP: 37/37 MP: 2/2
   880 | D:2      | Noticed Jessica
   892 | D:2      | Killed Jessica
   893 | D:2      | Reached XP level 4. HP: 34/45 MP: 3/3
   934 | D:2      | Found a faded altar of an unknown god.
  2038 | D:4      | Reached XP level 5. HP: 47/54 MP: 4/4
  2369 | D:4      | Reached skill level 5 in Unarmed Combat
  2402 | D:4      | Reached XP level 6. HP: 40/62 MP: 5/5
  2932 | D:5      | Entered Level 5 of the Dungeon
  2985 | D:5      | Noticed a sky beast
  2987 | D:5      | Noticed a sky beast
  3002 | D:5      | Killed a sky beast
  3003 | D:5      | Reached XP level 7. HP: 57/70 MP: 6/6
  3092 | D:5      | Found Figrawus's Weapon Shoppe.
  3150 | D:5      | Found a burning altar of Makhleb.
  3217 | D:5      | Noticed Duvessa
  3218 | D:5      | Noticed Dowan
  3237 | D:5      | Killed Duvessa
  3245 | D:5      | Killed Dowan
  3305 | D:5      | Noticed Prince Ribbit
  3315 | D:5      | Killed Prince Ribbit
  3316 | D:5      | Reached XP level 8. HP: 58/78 MP: 7/7
  3362 | D:5      | Found Oweir's Lightly-Used Armoury.
  3747 | D:6      | Found a sparkling altar of Nemelex Xobeh.
  3763 | D:6      | Found an ornate altar of the Wu Jian Council.
  3766 | D:6      | Found a shimmering blue altar of Sif Muna.
  3766 | D:6      | Found a bloodstained altar of Trog.
  3773 | D:6      | Found an ancient bone altar of Kikubaaqudgha.
  3927 | D:6      | Reached skill level 10 in Unarmed Combat
  4081 | D:6      | Reached skill level 5 in Fighting
  4094 | D:6      | Reached XP level 9. HP: 67/88 MP: 8/8
  4689 | D:7      | Found Zomp's Weapon Boutique.
  4830 | D:7      | Bought a +0 spectral giant club for 80 gold pieces
  4976 | D:7      | Reached skill level 1 in Maces & Flails
  5118 | D:7      | Found a staircase to the Ecumenical Temple.
  5122 | Temple   | Entered the Ecumenical Temple
  5320 | D:7      | Found a sand-covered staircase.
  5325 | Ossuary  | Entered an ossuary
  5399 | Temple   | Became a worshipper of Warmaster Okawaru
  5399 | Temple   | Reached * piety under Okawaru
  5399 | Temple   | Reached ** piety under Okawaru
  5713 | D:8      | Noticed a kobold demonologist
  5713 | D:8      | Noticed a kobold demonologist
  5714 | D:8      | Noticed a kobold demonologist
  5727 | D:7      | Noticed an orange demon
  5728 | D:7      | Killed a kobold demonologist
  5729 | D:7      | Reached skill level 2 in Maces & Flails
  5729 | D:7      | Noticed an ice devil
  5730 | D:7      | Noticed a sun demon
  5736 | D:7      | Noticed an orange demon
  5736 | D:7      | Killed a kobold demonologist
  5737 | D:7      | Noticed an orange demon
  5739 | D:7      | HP: 4/93 [orc/+0 war axe of electrocution (8)]
  5851 | D:8      | Reached skill level 3 in Maces & Flails
  5851 | D:8      | Reached XP level 10. HP: 101/102 MP: 9/9
  5853 | D:8      | Found a staircase to the Lair.
  5876 | D:8      | Reached *** piety under Okawaru
  5896 | D:8      | Reached skill level 4 in Maces & Flails
  6002 | D:8      | Reached skill level 5 in Dodging
  6508 | D:9      | Noticed a two-headed ogre
  6519 | D:9      | Killed a two-headed ogre
  6520 | D:9      | Reached skill level 5 in Maces & Flails
  6523 | D:9      | Reached **** piety under Okawaru
  6685 | D:9      | Received a gift from Okawaru
  6753 | D:9      | Reached skill level 6 in Maces & Flails
  6915 | D:9      | Reached XP level 11. HP: 109/109 MP: 10/10
  7371 | D:10     | Entered Level 10 of the Dungeon
  7371 | D:10     | Noticed Maggie
  7380 | D:10     | Killed Maggie
  7414 | D:10     | Found a transporter.
  7435 | D:10     | Found a transporter.
  7438 | D:10     | Noticed WANAX's ghost (journeyman HOBe)
  7583 | D:10     | Reached skill level 7 in Maces & Flails
  7649 | D:10     | Noticed a centaur warrior
  7689 | D:10     | Killed a centaur warrior
  7877 | D:10     | Reached ***** piety under Okawaru
  8052 | D:10     | Reached skill level 8 in Maces & Flails
  8187 | D:11     | Noticed a boulder beetle
  8194 | D:11     | Killed a boulder beetle
  8199 | D:11     | Noticed a two-headed ogre
  8310 | D:11     | Killed a two-headed ogre
  8310 | D:11     | Identified the +4 robe of Sunlight {+Blink rPois Str+3
                  | Dex+3} (Okawaru gifted it to you on level 11 of the
                  | Dungeon)
  8310 | D:11     | Received a gift from Okawaru
  8311 | D:11     | Reached skill level 9 in Maces & Flails
  8369 | D:11     | You fall into a shaft and drop 1 floor!
  8369 | D:12     | Noticed a two-headed ogre
  8369 | D:12     | Found a staircase to the Orcish Mines.
  8392 | D:12     | Killed a two-headed ogre
  8404 | D:12     | Noticed a two-headed ogre
  8412 | D:12     | Reached skill level 10 in Maces & Flails
  8479 | D:12     | Killed a two-headed ogre
  8566 | D:12     | Noticed a seven-headed hydra
  8650 | D:12     | Killed a seven-headed hydra
  8651 | D:12     | Reached skill level 11 in Maces & Flails
  8850 | D:12     | Found a shimmering altar of Xom.
  8852 | D:12     | Found a shimmering altar of Xom.
  8855 | D:12     | Found a shimmering altar of Xom.
  8856 | D:12     | Found a shimmering altar of Xom.
  8856 | D:12     | Found a shimmering altar of Xom.
  8856 | D:12     | Found a shimmering altar of Xom.
  8862 | D:12     | Reached XP level 12. HP: 113/118 MP: 11/11
  8867 | D:12     | Found a shimmering altar of Xom.
  8975 | D:12     | Noticed a two-headed ogre
  8982 | D:12     | Killed a two-headed ogre
  9038 | D:12     | Found Zyhowne's Antique Weapon Emporium.
  9060 | D:12     | Received a gift from Okawaru
  9123 | D:12     | Found Dethositz's Distillery.
  9131 | D:12     | Bought a potion of might for 64 gold pieces
  9131 | D:12     | Bought a potion of brilliance for 64 gold pieces
  9131 | D:12     | Bought a potion of berserk rage for 80 gold pieces
  9131 | D:12     | Bought a potion of curing for 48 gold pieces
  9131 | D:12     | Bought a potion of lignification for 48 gold pieces
  9166 | D:12     | Found Uriat's Assorted Antiques.
  9169 | D:12     | Bought a scroll of enchant weapon for 187 gold pieces
  9169 | D:12     | Bought a scroll of identify for 50 gold pieces
  9169 | D:12     | Bought a scroll of identify for 50 gold pieces
  9294 | D:12     | Found a portal to a secret trove of treasure.
  9397 | D:11     | Reached skill level 12 in Maces & Flails
  9813 | Lair:1   | Entered Level 1 of the Lair of Beasts
  9872 | Lair:1   | Identified the +1 fire dragon scales of Suymump {rPois rF++
                  | rC- Will- Regen+ Slay+4} (Okawaru gifted it to you on level
                  | 1 of the Lair of Beasts)
  9872 | Lair:1   | Received a gift from Okawaru
  9915 | Lair:1   | Noticed a four-headed hydra
  9920 | Lair:1   | Killed a four-headed hydra
  9944 | Lair:1   | Reached skill level 13 in Maces & Flails
  9995 | Lair:1   | Found a glowing golden altar of the Shining One.
 10481 | Lair:1   | Reached skill level 14 in Maces & Flails
 10637 | Lair:2   | Found a hole to the Spider Nest.
 10712 | Lair:2   | Identified a scroll of acquirement
 10713 | Lair:2   | Acquired the +1 ice dragon scales "Joxkioz" {rElec rF- rC++
                  | Stlth+}
 10801 | Lair:2   | Noticed Gastronok
 10809 | Lair:2   | Killed Gastronok
 10809 | Lair:2   | Reached ****** piety under Okawaru
 10910 | Lair:2   | Reached XP level 13. HP: 124/124 MP: 12/12
 11063 | Lair:2   | Reached skill level 1 in Invocations
 11075 | Lair:2   | Found a staircase to the Swamp.
 11973 | Lair:2   | Reached skill level 15 in Maces & Flails
 12326 | Lair:3   | Received a gift from Okawaru
 12669 | Lair:3   | Noticed Sonja
 12682 | Lair:3   | Killed Sonja
 12683 | Lair:3   | Reached skill level 5 in Invocations
 12952 | Lair:3   | Received a gift from Okawaru
 13498 | Lair:4   | You fall into a shaft and drop 1 floor!
 13531 | Lair:5   | Reached skill level 16 in Maces & Flails
 13551 | Lair:5   | Received a gift from Okawaru
 13763 | Lair:5   | Reached XP level 14. HP: 133/133 MP: 18/18
 13860 | Lair:5   | Found a staircase to the Slime Pits.
 14387 | Lair:5   | Identified the +1 robe "Ownera" {Slay+5} (Okawaru gifted it
                  | to you on level 5 of the Lair of Beasts)
 14387 | Lair:5   | Received a gift from Okawaru
 15677 | Lair:6   | Entered Level 6 of the Lair of Beasts
 15915 | Lair:6   | Reached skill level 17 in Maces & Flails
 16002 | Arena    | Entered the Arena
 16056 | Lair:6   | Identified the +1 robe of Lifelessness {rPois rCorr}
                  | (Okawaru gifted it to you on level 6 of the Lair of Beasts)
 16056 | Lair:6   | Received a gift from Okawaru
 16220 | Lair:6   | Reached skill level 10 in Invocations
 16512 | Lair:6   | Reached skill level 1 in Armour
 16678 | Lair:6   | Reached XP level 15. HP: 133/140 MP: 19/21
 17219 | Slime:1  | Entered Level 1 of the Pits of Slime
 17223 | Slime:1  | Gained mutation: You are clumsy. (Dex -2) [a shining eye]
 17434 | Slime:1  | Noticed a rockslime
 17445 | Slime:1  | Killed a rockslime
 17705 | Slime:2  | Noticed an acid blob
 17705 | Slime:2  | Noticed an acid blob
 17713 | Slime:1  | Killed an acid blob
 17714 | Slime:1  | Reached skill level 18 in Maces & Flails
 17795 | Slime:2  | Noticed an acid blob
 17798 | Slime:2  | HP: 5/140 [acid (9)]
 18295 | Slime:1  | Killed an acid blob
 18295 | Slime:1  | Received a gift from Okawaru
 18409 | Slime:2  | Killed an acid blob
 18469 | Slime:2  | Reached skill level 5 in Armour
 18630 | Slime:2  | Noticed an azure jelly
 18635 | Slime:2  | Killed an azure jelly
 18656 | Slime:2  | Noticed an acid blob
 18673 | Slime:2  | Noticed an acid blob
 18676 | Slime:2  | Killed an acid blob
 18679 | Slime:2  | Killed an acid blob
 18917 | Slime:3  | Noticed an acid blob
 18919 | Slime:3  | Noticed an acid blob
 19008 | Slime:3  | Killed an acid blob
 19008 | Slime:3  | Identified the +3 eveningstar "Giantbane" {vorpal, rN+}
                  | (Okawaru gifted it to you on level 3 of the Pits of Slime)
 19008 | Slime:3  | Received a gift from Okawaru
 19037 | Slime:3  | Noticed an acid blob
 19040 | Slime:3  | Killed an acid blob
 19041 | Slime:3  | Paralysed by a great orb of eyes for 5 turns
 19048 | Slime:3  | Killed an acid blob
 19377 | Slime:3  | Noticed an acid blob
 19384 | Slime:3  | Killed an acid blob
 19474 | Arena    | Entered the Arena
 19474 | Arena    | Gained mutation: Armour fits poorly on your strangely
                  | shaped body. [a shining eye]
 19543 | Slime:3  | Noticed Dissolution
 19546 | Arena    | Entered the Arena
 19550 | Arena    | Killed Dissolution
 19550 | Arena    | Identified the +4 giant spiked club of Wondrous Power
                  | {flame, *Slow rPois rC+ Dex+5} (Okawaru gifted it to you in
                  | the Arena)
 19550 | Arena    | Received a gift from Okawaru
 19761 | Slime:4  | Noticed an azure jelly
 19762 | Arena    | Entered the Arena
 19783 | Slime:4  | Reached skill level 1 in Throwing
 19786 | Slime:4  | Killed an azure jelly
 19958 | Slime:4  | Noticed a rockslime
 20169 | Slime:4  | Gained mutation: You occasionally shout uncontrollably at
                  | your foes. [a shining eye]
 20302 | Slime:4  | Killed a rockslime
 20388 | Slime:4  | Gained mutation: You are weak. (Str -2) [a shining eye]
 20394 | Slime:4  | Gained mutation: Your spells are a little easier to cast,
                  | but a little less powerful. [a shining eye]
 20398 | Slime:4  | Reached XP level 16. HP: 149/149 MP: 19/22
 20983 | Slime:5  | Entered Level 5 of the Pits of Slime
 21005 | Slime:5  | Noticed an acid blob
 21011 | Slime:5  | Noticed an acid blob
 21017 | Slime:5  | Killed an acid blob
 21017 | Slime:5  | Received a gift from Okawaru
 21023 | Slime:5  | Noticed the Royal Jelly
 21025 | Slime:5  | Noticed an acid blob
 21041 | Slime:5  | Noticed an acid blob
 21042 | Slime:5  | Found a viscous altar of Jiyva.
 21042 | Slime:5  | Noticed an acid blob
 21046 | Slime:5  | Found the +8 Vampire's Tooth {vamp}
 21049 | Slime:5  | Killed an acid blob
 21051 | Arena    | Entered the Arena
 21055 | Arena    | Reached skill level 5 in Throwing
 21085 | Arena    | Entered the Arena
 21088 | Arena    | Identified the +0 robe "Pixtukh" {rF+ Will- Str+5} (Okawaru
                  | gifted it to you in the Arena)
 21088 | Arena    | Received a gift from Okawaru
 21119 | Slime:5  | Noticed an acid blob
 21120 | Slime:5  | Killed an acid blob
 21122 | Arena    | Entered the Arena
 21148 | Slime:5  | Mangled by the Royal Jelly

Illustrated notes

Levels and vault maps discovered:
D:1:      zelgadis_glass_arrival_small, layout_basic
D:2:      layout_basic, chequers_ecumenical_altar_simple, feat_on_display,
          uniq_jessica
D:3:      layout_basic
D:4:      layout_basic
D:5:      layout_basic, lemuel_crystal_altar, serial_shops, shop,
          hangedman_decor_push, minmay_shop_damaged, uniq_prince_ribbit1,
          uniq_duvessa
D:6:      layout_basic, nicolae_overflow_hallway_of_the_gods, interstate_on_off,
          kennysheep_generic_room_5
D:7:      layout_gridville, minmay_temple_entry_glassed_door, enter_ossuary_2,
          serial_shops, nicolae_diamond_shop
D:8:      layout_basic, due_lair_maze_entry_diamond
D:9:      layout_gridville
D:10:     layout_irregular_city, gammafunk_ghost_stat_death,
          minmay_gold_behind_fungi, serial_park_tiny_pond, uniq_maggie
D:11:     layout_rooms
D:12:     layout_loops_ring, erik_orc_4, serial_shops, shop, nicolae_shop_stone,
          nicolae_shop_trees, nicolae_trove_entry_path_of_doom, xom_redecorated
Temple:   eino_temple_rhombus
Lair:1:   layout_roguey [special_room_bee], lightli_volcano_entry_magma_tube,
          basic_altar
Lair:2:   lemuel_ratsnest, layout_layer_cave,
          nicolae_swamp_entry_splash_gauntlet, spider_nest_entry_webs,
          wad_woods_road_01, worms_lemuel, uniq_gastronok
Lair:3:   layout_regular_city, chequers_serial_rivers_micro_d,
          beast_lair_carwin_1, uniq_sonja
Lair:4:   wad_woods_structure_01, layout_regular_city
Lair:5:   layout_long_grid, minmay_slime_entry_oklob_open,
          bobbens_dragon_lair_wall
Lair:6:   guppyfry_lair_end_dragon, layout_small_grid,
          grunt_forest_large_clearings
Slime:1:  layout_caves
Slime:2:  layout_caves
Slime:3:  layout_caves, uniq_dissolution
Slime:4:  cheibrodos_slime_lost_civilization_1, layout_caves
Slime:5

Skill      XL: |  1  2  3  4  5  6  7  8  9 10 11 12 13 14 15 16 |
---------------+-------------------------------------------------+-----
Fighting       | 3 4 5 7 |  7.0
Unarmed Combat | 4 5 7 9 10 11 | 11.3
Maces & Flails | 3 6 11 14 16 17 18 | 18.0
Dodging        | 4 6 7 |  7.0
Invocations    | 7 10 | 10.0
Armour         | 1 8 |  8.9
Throwing       | 3 5 |  5.8
Stealth        | |  1.1

Action                   |  1- 3 |  4- 6 |  7- 9 | 10-12 | 13-15 | 16-18 || total
-------------------------+-------+-------+-------+-------+-------+-------++-------
Melee: Unarmed           |    77 |   148 |   195 |    72 |       |       ||   492
       Punch             |     1 |     3 |    14 |     5 |       |       ||    23
       Giant club        |       |       |       |   334 |   750 |    27 ||  1111
Throw: Large rock        |       |       |       |       |     7 |     4 ||    11
Invok: Heroism           |       |       |     1 |     5 |     3 |       ||     9
       Duel              |       |       |       |       |     4 |     3 ||     7
       Finesse           |       |       |       |       |     1 |       ||     1
Evoke: Wand              |       |       |     4 |       |     5 |       ||     9
  Use: Scroll            |       |       |    10 |    17 |     7 |     2 ||    36
       Potion            |       |       |     2 |     2 |     9 |    10 ||    23
 Stab: Sleeping          |     5 |     7 |     1 |     2 |     4 |       ||    19
       Distracted        |       |       |       |     2 |     7 |       ||     9
       Paralysed         |       |       |       |       |     2 |       ||     2
       Invisible         |       |       |       |       |       |     1 ||     1
Armor: Robe              |    16 |    32 |    46 |    93 |   159 |       ||   346
       Swamp dragon scal |       |       |       |    82 |       |       ||    82
       Skin              |       |       |       |       |    10 |       ||    10
       Acid dragon scale |       |       |       |       |    17 |     2 ||    19
Dodge: Dodged            |    34 |    60 |    98 |   273 |   541 |    16 ||  1022
